 Dungeon Crawl Stone Soup version 0.31.0-2-g5a2aebc5c2 (webtiles) character file.

Game seed: 8846825075865912441

550059 browni3141 the Slayer (level 25, -4/225 HPs)
             Began as a Barachi Shapeshifter on Jan 21, 2024.
             Was the Champion of Wu Jian.
             Killed from afar by a storm dragon (10 damage)
             ... with a bolt of lightning
             ... while petrified by an ancient lich
             ... on level 5 of the Vaults.
             The game lasted 03:31:01 (75279 turns).

browni3141 the Slayer (Barachi Shapeshifter)       Turns: 75279, Time: 03:31:01

Health: -4/225     AC: 40    Str: 20    XL:     25   Next: 29%
Magic:  23/23      EV:  2    Int: 13    God:    Wu Jian [******]
Gold:   2412       SH:  0    Dex: 29    Spells: 24/24 levels left

rFire   + . .        r - +9 demon trident (elec)
rCold   . . .        j - +4 tower shield {rN+}
rNeg    + + +        I - +7 plate armour {ponderous}
rPois   ∞            d - +0 helmet
rElec   .            X - +0 cloak {rCorr}
rCorr   +            Q - +2 pair of gloves {Dex+3}
SInv    +            l - +2 pair of boots
Will    +....        g - amulet of regeneration Stlth
                     D - ring "Igo Rushyd" {+Blink Dex+5 SInv}
HPRegen 1.37/turn    f - ring "Qodicali" {rPois Dex+4}
MPRegen 0.18/turn

%: no passive effects
@: exhausted, petrified, in a heavenly storm, glowing, very slow
A: amphibious, slowness 1, strong legs 2, +LOS, deterioration 1, fire resistance
1, mutation resistance 1, wild magic 1
}: 4/15 runes: barnacled, slimy, silver, gossamer
a: Hop, Renounce Religion, Evoke Blink, Wall Jump, Serpent's Lash, Heavenly
Storm


You were on level 5 of the Vaults.
You worshipped Wu Jian.
Wu Jian was exalted by your worship.
You visited 8 branches of the dungeon, and saw 44 of its levels.
You also visited: Wizlab.

You collected 5318 gold pieces.
You spent 2906 gold pieces at shops.

Inventory:

Hand Weapons
 r - a +9 demon trident of electrocution (weapon)
 w - the +4 short sword "Goblin's Demise" {flame, *Corrode rElec rPois Dex+6}
   (You found it on level 5 of the Dungeon)

   Dex+6:     It affects your dexterity (+6).
   rElec:     It insulates you from electricity.
   rPois:     It protects you from poison *Corrode: It may corrode you when you
   take damage.
Missiles
 e - 7 javelins (quivered)
 p - 6 atropa-tipped darts
 E - 9 curare-tipped darts
 J - 14 silver javelins
 T - 23 boomerangs
 Z - 3 throwing nets
Armour
 a - the +15 Maxwell's patent armour {-Cast -Tele rElec Will+ rCorr}
   (You found it in a wizard's laboratory)

   rElec:     It insulates you from electricity.
   Will+:     It increases your willpower.
   -Cast:     It prevents spellcasting.
   -Tele:     It prevents most forms of teleportation.
   rCorr:     It protects you from acid and corrosion.
 d - a +0 helmet (worn)
 j - a +4 tower shield of positive energy (worn)
 l - a +2 pair of boots (worn)
 I - a +7 plate armour of ponderousness (worn)
 Q - a +2 pair of gloves of dexterity (worn)
 X - a +0 cloak of preservation (worn)
Jewellery
 f - the ring "Qodicali" (right hand) {rPois Dex+4}
   (You bought it in a shop on level 2 of the Shoals)

   [ring of poison resistance]

   Dex+4:     It affects your dexterity (+4).
   rPois:     It protects you from poison
 g - an amulet of regeneration (around neck)
 z - the ring "Nyc Wiqu" {rF++ rN+ Str-3 Dex-5 Stlth+}
   (You took it off a merfolk javelineer on level 4 of the Shoals)

   [ring of positive energy]

   Str-3:     It affects your strength (-3).
   Dex-5:     It affects your dexterity (-5).
   rF++:      It greatly protects you from fire.
   rN+:       It protects you from negative energy.
   Stlth+:    It makes you more stealthy.
 B - a ring of protection from cold
 D - the ring "Igo Rushyd" (left hand) {+Blink Dex+5 SInv}
   (You found it on level 3 of the Vaults)

   [ring of see invisible]

   Dex+5:     It affects your dexterity (+5).
   SInv:      It lets you see invisible.
   +Blink:    It lets you blink.
 U - the ring of Inwaz {rF+ rCorr MP+9 Int+3}
   (You found it on level 1 of the Lair of Beasts)

   [ring of magical power]

   Int+3:     It affects your intelligence (+3).
   rF+:       It protects you from fire.
   MP+9:      It affects your magic capacity (+9).
   rCorr:     It protects you from acid and corrosion.
Wands
 q - a wand of roots (18)
 t - a wand of mindburst (25)
 A - a wand of acid (14)
 P - a wand of paralysis (47)
 W - a wand of digging (7)
Scrolls
 b - a scroll of summoning
 k - 5 scrolls of poison
 n - 5 scrolls of immolation
 o - 10 scrolls of blinking
 s - 16 scrolls of teleportation
 u - 3 scrolls of fear
 v - 3 scrolls of silence
 F - 7 scrolls of fog
 O - 10 scrolls of vulnerability
 V - 5 scrolls of torment
 Y - 7 scrolls of revelation
Potions
 c - 5 potions of cancellation
 h - 4 potions of haste
 i - 2 potions of invisibility
 m - 2 potions of resistance
 x - 4 potions of mutation
 C - 16 potions of curing
 H - 9 potions of heal wounds
 K - 8 potions of attraction
 L - 9 potions of lignification
 M - 5 potions of might
 N - 9 potions of enlightenment
 R - 4 potions of berserk rage
 S - 8 potions of ambrosia
Miscellaneous
 y - a sack of spiders (inert)
 G - a tin of tremorstones (2/2)


   Skills:
 * Level 24.6 Fighting
 - Level 14.0 Polearms
 + Level 15.3 Throwing
 * Level 24.5 Armour
 - Level 16.0 Dodging
 - Level 1.0 Stealth
 * Level 19.5 Shields
 - Level 6.0 Unarmed Combat
 + Level 15.3 Evocations
 - Level 7.0 Shapeshifting


You had 24 spell levels left.
You didn't know any spells.
Your spell library contained the following spells:

 Spells                   Type           Power      Damage    Failure   Level
 Foxfire                  Conj/Fire      0%         2x1d4     98%         1
 Freeze                   Ice            0%         1d3       98%         1
 Kiss of Death            Conj/Necr      0%         2d5       98%         1
 Magic Dart               Conj           0%         1d3       98%         1
 Shock                    Conj/Air       0%         1d3       98%         1
 Blink                    Tloc           0%         N/A       99%         2
 Call Imp                 Summ           0%         N/A       99%         2
 Ensorcelled Hibernation  Hex/Ice        0%         N/A       99%         2
 Lesser Beckoning         Tloc           0%         N/A       99%         2
 Scorch                   Fire           0%         2d5       99%         2
 Searing Ray              Conj           0%         2d4       99%         2
 Sublimation of Blood     Necr           0%         N/A       99%         2
 Confusing Touch          Hex            0%         N/A       100%        3
 Dazzling Flash           Conj/Hex       0%         N/A       100%        3
 Frozen Ramparts          Ice            0%         1d1       100%        3
 Fugue of the Fallen      Necr           0%         N/A       100%        3
 Gell's Gravitas          Tloc           0%         N/A       100%        3
 Hailstorm                Conj/Ice       0%         3d5       100%        3
 Inner Flame              Hex/Fire       0%         N/A       100%        3
 Stone Arrow              Conj/Erth      0%         3d7       100%        3
 Swiftness                Air            0%         N/A       100%        3
 Teleport Other           Tloc           0%         N/A       100%        3
 Volatile Blastmotes      Fire/Tloc      0%         2d10      100%        3
 Airstrike                Air            0%         2d(0-16)  100%        4
 Anguish                  Hex/Necr       0%         N/A       100%        4
 Animate Armour           Summ/Erth      0%         N/A       100%        4
 Brom's Barrelling Bould  Conj/Erth      0%         2d3       100%        4
 Cause Fear               Hex            0%         N/A       100%        4
 Dispel Undead            Necr           0%         3d6       100%        4
 Flame Wave               Conj/Fire      0%         2d4       100%        4
 Fulminant Prism          Conj/Alch      0%         3d5       100%        4
 Ignite Poison            Fire/Alch      0%         N/A       100%        4
 Leda's Liquefaction      Alch/Erth      0%         N/A       100%        4
 Olgreb's Toxic Radiance  Alch           0%         N/A       100%        4
 Petrify                  Alch/Erth      0%         N/A       100%        4
 Sticky Flame             Fire/Alch      0%         2d4       100%        4
 Summon Lightning Spire   Summ/Air       0%         N/A       100%        4
 Fireball                 Conj/Fire      0%         3d3       100%        5
 Irradiate                Conj/Alch      0%         3d11      100%        5
 Iskenderun's Battlesphe  Conj           0%         2d6       100%        5
 Lee's Rapid Deconstruct  Erth           0%         3d4*      100%        5
 Metabolic Englaciation   Hex/Ice        0%         N/A       100%        5
 Summon Forest            Summ/Tloc      0%         N/A       100%        5
 Summon Mana Viper        Hex/Summ       0%         N/A       100%        5
 Bombard                  Conj/Erth      0%         9d1       100%        6
 Conjure Ball Lightning   Conj/Air       0%         3x3d6     100%        6
 Plasma Beam              Fire/Air       0%         2x1d10    100%        6
 Starburst                Conj/Fire      0%         6d3       100%        6
 Summon Cactus Giant      Summ           0%         N/A       100%        6
 Enfeeble                 Hex            0%         N/A       100%        7
 Haunt                    Necr/Summ      0%         N/A       100%        7
 Orb of Destruction       Conj           0%         9d5       100%        7
 Ozocubu's Refrigeration  Ice            0%         4d7       100%        7
 Spellforged Servitor     Conj/Summ      0%         N/A       100%        7
 Summon Hydra             Summ           0%         N/A       100%        7
 Borgnjor's Revivificati  Necr           0%         N/A       100%        8
 Discord                  Hex            0%         N/A       100%        8
 Ignition                 Fire           0%         3d3       100%        8
 Lehudib's Crystal Spear  Conj/Erth      0%         10d2      100%        8
 Maxwell's Capacitive Co  Air            0%         ∞         100%        8
 Death's Door             Necr           0%         N/A       100%        9


Dungeon Overview and Level Annotations

Branches:
Dungeon (15/15)            Temple (0/1) D:5            Lair (5/5) D:10
 Shoals (4/4) Lair:2       Spider (4/4) Lair:3        Slime (5/5) Lair:5
    Orc (2/2) D:11            Elf (0/3) Orc:2        Vaults (5/5) D:14
  Crypt (0/3) Vaults:2     Depths (4/4) D:15            Zot (0/5) Depths:4
 WizLab (visited)

Altars:
Ashenzari
Cheibriados
Elyvilon
Hepliaklqana
Kikubaaqudgha
Nemelex Xobeh
Ru
Uskayaw
Vehumet
Wu Jian
Xom
Yredelemnul
Jiyva
Lugonu

Shops:
Orc:1 :=(   Orc:2 (([   Shoals:2 =   Vaults:1 [   Vaults:3 :

Portals:
Hell: Depths:1 Depths:2 Depths:3 Depths:4
Abyss: Vaults:1 Depths:1 Depths:2 Depths:3
Pandemonium: Depths:1 Depths:2
Ziggurat: Depths:1

Annotations:
Lair:5 exclusion: obsidian statue
Vaults:1 1 transporter


Innate Abilities, Weirdness & Mutations

You are amphibious.
You cover ground slowly.
You can hop long distances.
You have an extended range of vision and can be seen from far away.
Your body sometimes deteriorates upon taking damage.
Your flesh is heat resistant. (rF+)
You are somewhat resistant to further mutation.
Your spells are a little harder to cast, but a little more powerful.


Message History

You hear a chilling moan.
Aiming: Wall Jump
Press: ? - help, Dir - move target An entropy weaver comes into view.
You repeatedly attack the titan from above.
The entropy weaver shouts!
You impale the titan!!
The titan is moderately wounded.
You puncture the titan!
The titan is moderately wounded.
You hit the titan.
The titan is moderately wounded.
You hit the titan.
The titan is heavily wounded.
You repeatedly attack the ancient lich from above.
You puncture the ancient lich!
The ancient lich is heavily damaged.
You impale the ancient lich!!
The ancient lich is severely damaged.
You puncture the ancient lich!
The ancient lich is severely damaged.
You impale the ancient lich!!
The ancient lich is almost destroyed.
You repeatedly attack the ancient lich from above.
You hit the ancient lich.
The ancient lich is severely damaged.
You impale the ancient lich!!
The ancient lich is almost destroyed.
You impale the ancient lich!!
You destroy the ancient lich!
The Council accepts your kill.
You hear a deafening roar!
The ancient lich completely misses you.
The ancient lich gestures at you while chanting.
The crystal spear hits you!!!!
Ouch! That really hurt!
* * * LOW HITPOINT WARNING * * *
The titan hits you but does no damage. The storm dragon completely misses you.
The storm dragon barely misses you. The storm dragon misses you.
The ancient lich barely misses you.
The brown very ugly thing bites you but does no damage.
The ironbound convoker casts a spell at the brown very ugly thing.
The brown very ugly thing seems to grow stronger.
A deep elf annihilator comes into view.
It is wielding a +0 short sword of speed.
The titan hits you!!
* * * LOW HITPOINT WARNING * * *
You block the storm dragon's attack.
The storm dragon claws you but does no damage.
You block the storm dragon's attack.
You block the brown very ugly thing's attack.
The ancient lich points at you and mumbles some strange words.
You are slowing down.
The titan hits you!!
* * * LOW HITPOINT WARNING * * *
You block the ironbound convoker's attack.
The entropy weaver moves out of view.
Your limbs are stiffening.
Your life force feels restored.
Unknown command.
Your muscles tense, ready for explosive movement...
You spin and attack the ironbound convoker, with incredible momentum.
You puncture the ironbound convoker!
The ironbound convoker is moderately wounded.
You spin and attack the brown very ugly thing, with incredible momentum.
You puncture the brown very ugly thing!
The brown very ugly thing is moderately wounded. 2 yaktaur captains come into view.
A yaktaur captain is wielding a +3 short sword of venom.
You spin and attack the ironbound convoker, with incredible momentum.
You spit the ironbound convoker like a pig!!!
You blow up the ironbound convoker!
The Council accepts your kill.
Your supernatural speed expires.
Blink to where?
Press: ? - help, Dir - move target A sphinx comes into view.
As you read the scroll of blinking, it crumbles to dust.
You hear a deafening roar!
The yaktaur captain moves out of view. x2; The sphinx moves out of view.
You have turned to stone.
You hear a deafening roar!
You hear a shout!
The yaktaur captain unwields a +3 short sword of venom.
It stops dripping with poison.
The yaktaur captain wields a +0 arbalest.
The yaktaur captain shoots a bolt.
The bolt hits you!!
* * * LOW HITPOINT WARNING * * *
You hear a shout!
A storm dragon comes into view.
The ancient lich touches you but does no damage.
The yaktaur captain unwields a +0 arbalest.
The yaktaur captain wields a +3 short sword of venom.
It begins to drip with poison!
The yaktaur captain hits you with a +3 short sword of venom.
* * * LOW HITPOINT WARNING * * *
The sphinx hits you but does no damage. x3
The ancient lich casts a spell at you.
You barely resist.
A phantasmal warrior comes into view.
The storm dragon breathes lightning at you.
The bolt of lightning hits you!!
You die...

#.######....#.....).....#§°.
#e...☼#....#...........##°°
#e....#..).#...........°#○○
#○.OWC#...)#...............
#○☼.$.Ce...................
#######.e....).##############
..........Duc§§○))..)$))...†).
..$........uL°§§)))))))$.....☼
..........<§c@§§)))...(......§
...........°D○H§)))).........§
########...○°§°☼##############
#.......... .'##....#.W.. ..
#....#...... . #....#.......
#....###..#.. #....# H....


You could see an ancient lich (fast), a storm dragon (catching breath), 2 very
ugly things, a sphinx and 2 yaktaur captains.

Vanquished Creatures
  the Royal Jelly (Slime:5)
  Dissolution (Slime:3)
  A dread lich (Vaults:5)
  2 ancient liches (Vaults:5)
  Frederick (Vaults:3)
  Mara (Shoals:3)
  Bai Suzhen (Spider:3)
  4 caustic shrikes
  Nikola (Shoals:4)
  5 golden dragons
  Arachne (Spider:3)
  An electric golem (WizLab)
  A hellephant (Vaults:1)
  4 liches
  The ghost of oldriver the Devastator, an adept DsEE of Gozag (D:14)
  A walking earthen tome (Depths:3)
  3 tentacled monstrosities
  The ghost of fearitself the Executioner, an adept MiBe of Trog (Shoals:1)
  11 acid blobs
  5 titans
  4 sphinxes
  An Executioner (Vaults:1)
  A kraken (Shoals:1)
  Gastronok (Orc:1)
  Aizul (Spider:3)
  Polyphemus (Shoals:4)
  5 tengu reavers
  2 storm dragons
  A tentacled starspawn (Vaults:1)
  A draconian knight (Depths:4)
  5 azure jellies
  5 frost giants
  3 shadow dragons (Vaults:5)
  7 fire giants
  7 rockslimes
  Roxanne (Spider:1)
  A draconian monk (Depths:3)
  An iron dragon (Depths:3)
  14 vault wardens
  2 ghost moths
  A cacodemon (D:14)
  A deep elf sorcerer (Vaults:1)
  4 emperor scorpions
  A caustic shrike zombie (Depths:1)
  3 orc warlords
  13 quicksilver oozes
  4 spriggan defenders
  21 ironbound thunderhulks
  21 very ugly things
  13 formless jellyfish
  17 ironbound preservers
  11 stone giants
  4 broodmothers
  2 vampire knights
  A green draconian (Depths:4)
  2 yellow draconians (Depths:4)
  A juggernaut skeleton (Depths:1)
  A deep elf demonologist (D:14)
  3 deep elf annihilators
  2 black draconians (Depths:4)
  2 deep elf death magi
  A red draconian (Depths:4)
  4 war gargoyles
  6 spark wasps
  6 dire elephants
  10 ettins
  10 fire dragons
  A quicksilver dragon zombie (Vaults:4)
  6 crystal guardians
  6 merfolk javelineers
  2 deep elf high priests (Vaults:5)
  13 merfolk impalers
  9 great orbs of eyes
  6 hydras
  6 entropy weavers
  8 yaktaur captains
  3 rakshasas
  5 peacekeepers
  36 vault guards
  Josephine (D:11)
  6 ice dragons
  3 ironbound frosthearts
  7 jorogumos
  4 ogre magi
  An alligator snapping turtle (Shoals:4)
  2 spriggan air magi
  4 radroaches
  2 satyrs
  20 two-headed ogres
  2 catoblepae
  16 centaur warriors
  3 merfolk avatars
  An anaconda (shapeshifter) (Vaults:2)
  16 deep troll shamans
  4 merfolk aquamancers (Shoals:4)
  8 deep troll earth magi
  9 death yaks
  6 boulder beetles
  A thrashing horror (Vaults:1)
  2 titan zombies
  5 occultists (Depths:2)
  4 tengu warriors
  2 orc high priests (Orc:1)
  8 spriggan berserkers
  2 vampire magi
  9 demonic crawlers
  Sonja (Orc:1)
  2 spectral dire elephants (Lair:5)
  A deep elf knight (Vaults:5)
  4 skysharks
  A salamander mystic (Depths:3)
  2 spectral death yaks (Lair:5)
  4 sun demons (Shoals:2)
  7 iron trolls
  62 deep trolls
  12 sea snakes
  10 pharaoh ants
  A spectral anaconda (Lair:5)
  7 arcanists
  An orb spider (shapeshifter) (Vaults:5)
  10 orb spiders
  A glowing orange brain (shapeshifter) (Vaults:5)
  5 glowing orange brains
  6 steelbarb worms
  26 ironbound convokers
  7 sun moths
  6 orc knights
  3 deep elf pyromancers
  2 lightning spires (WizLab)
  29 harpies
  3 phantasmal warriors
  A frost giant zombie (Depths:1)
  5 lindwurms (Vaults:1)
  8 necromancers
  17 wolf spiders
  6 deep elf zephyrmancers
  20 cyclopes
  27 ugly things
  4 shining eyes
  4 orc sorcerers
  15 manticores
  13 fauns
  3 stone giant zombies
  5 moths of wrath
  A worldbinder (Vaults:1)
  8 merfolk sirens
  4 meliai
  19 water nymphs
  8 salamanders
  An apocalypse crab (Vaults:1)
  11 black mambas
  A kobold blastminer (Orc:1)
  5 gargoyles
  31 elephants
  14 vault sentinels
  4 eyes of devastation
  18 cane toads
  An eye of devastation (shapeshifter) (Vaults:2)
  2 unseen horrors (Depths:1)
  Maggie (D:9)
  9 torpor snails
  4 molten gargoyles (WizLab)
  A cane toad (shapeshifter) (D:14)
  6 rime drakes
  4 kobold demonologists
  2 spriggan zombies (Depths:1)
  9 large abominations
  10 komodo dragons
  4 tengu conjurers
  An efreet (D:14)
  16 yaktaurs
  4 freezing wraiths
  18 merfolk
  A queen bee (D:15)
  5 polar bears
  11 trolls
  20 tarantellas
  12 hornets
  11 wind drakes
  24 blink frogs
  A human skeleton (Vaults:4)
  2 glass eyes
  13 snapping turtles
  19 dream sheep
  81 slime creatures
  26 culicivoras
  5 air elementals (Shoals:4)
  6 spriggans
  A ynoxinul (Depths:1)
  Sigmund (D:6)
  A vampire (D:11)
  25 jumping spiders
  4 wraiths
  6 wyverns
  20 water elementals
  A dire elephant simulacrum (Lair:5)
  An ettin skeleton (Depths:1)
  58 yaks
  7 wargs
  7 death yak simulacra (Lair:5)
  16 golden eyes
  2 chaos spawn (Depths:1)
  5 vampire mosquitoes
  6 basilisks
  A steam dragon (D:8)
  56 redbacks
  A swamp worm (shapeshifter) (Vaults:5)
  A spectral cane toad (Lair:5)
  3 hydra simulacra (Lair:5)
  2 acid dragons
  24 water moccasins
  A black bear (Lair:2)
  27 orc warriors
  3 small abominations (Depths:1)
  5 boggarts (Vaults:2)
  28 ogres
  21 wolves
  17 centaurs
  An elephant skeleton (Lair:5)
  5 kobold brigands
  12 bullfrogs
  2 gnoll sergeants
  7 earth elementals (WizLab)
  A cyclops zombie (D:11)
  A cane toad simulacrum (Lair:5)
  2 scorpions (D:5)
  3 wights
  A glowing shapeshifter simulacrum (Vaults:4)
  2 elephant simulacra (Lair:5)
  A killer bee (shapeshifter) (Vaults:1)
  19 killer bees
  4 howler monkeys
  4 bombardier beetles
  20 orc priests
  4 hounds
  Jessica (D:2)
  An iguana (D:4)
  A sleepcap (D:5)
  Ijyb (D:2)
  Terence (D:2)
  A gnoll bouda (D:5)
  17 orc wizards
  2 troll simulacra (D:11)
  8 hell rats
  2 naga simulacra (D:11)
  7 adders
  17 gnolls
  A shadow imp (D:7)
  A white imp (D:8)
  A hell rat simulacrum (Lair:5)
  4 ufetubi
  4 ribbon worms
  3 dart slugs
  62 orcs
  4 endoplasms
  5 giant cockroaches
  6 hobgoblins
  5 jackals
  3 quokkas
  A ball python (D:2)
  7 bats
  2 frilled lizards
  12 goblins
  29 kobolds
  10 rats
  A starspawn tentacle (Vaults:1)
  A tentacle (Shoals:1)
1981 creatures vanquished.

Vanquished Creatures (collateral kills)
  Mennas (Depths:4)
  A caustic shrike (Depths:4)
  A shadow dragon (Vaults:5)
  A balrug (Depths:4)
  A reaper (Depths:4)
5 creatures vanquished.

Vanquished Creatures (others)
  An orb spider (Spider:4)
  A wolf spider (Spider:4)
  An ugly thing (Depths:1)
  A komodo dragon (Lair:5)
  An unseen horror (D:12)
  A tengu conjurer (Depths:2)
  2 starspawn tentacles (Vaults:1)
  3 tentacles (Shoals:1)
11 creatures vanquished.

Grand Total: 1997 creatures vanquished

Notes
Turn   | Place    | Note
-------+----------+-------------------------------------------
     0 | D:1      | browni3141 the Barachi Shapeshifter began the quest for the
                  | Orb.
     0 | D:1      | Reached XP level 1. HP: 15/15 MP: 1/1
   218 | D:1      | Reached XP level 2. HP: 21/21 MP: 2/2
   487 | D:1      | Reached XP level 3. HP: 22/27 MP: 3/3
   955 | D:2      | Noticed Jessica
   965 | D:2      | Killed Jessica
   966 | D:2      | Reached XP level 4. HP: 20/34 MP: 4/4
  1125 | D:2      | Found a faded altar of an unknown god.
  1136 | D:2      | Reached skill level 3 in Fighting
  1659 | D:2      | Noticed Terence
  1670 | D:2      | Reached XP level 5. HP: 28/42 MP: 5/5
  2037 | D:2      | Killed Terence
  2252 | D:3      | Reached XP level 6. HP: 49/49 MP: 6/6
  2292 | D:3      | Noticed Ijyb
  2360 | D:2      | Killed Ijyb
  2925 | D:4      | Found an ancient bone altar of Kikubaaqudgha.
  3173 | D:4      | Found an ornate altar of the Wu Jian Council.
  3186 | D:4      | Became a worshipper of the Wu Jian Council
  3264 | D:4      | Noticed a +0 dagger
  3264 | D:4      | Noticed a +0 short sword
  3264 | D:4      | Noticed a +0 short sword
  3264 | D:4      | Noticed a +0 falchion
  3264 | D:4      | Noticed a +0 falchion
  3265 | D:4      | Noticed a +0 spear
  3265 | D:4      | Noticed a +0 spear
  3266 | D:4      | Noticed a +0 dagger
  3273 | D:4      | Found a hide-covered altar of Uskayaw.
  3455 | D:5      | Entered Level 5 of the Dungeon
  3472 | D:5      | Reached skill level 3 in Armour
  3493 | D:5      | Reached XP level 7. HP: 56/56 MP: 7/7
  3540 | D:5      | Reached skill level 6 in Fighting
  3606 | D:5      | Reached skill level 3 in Evocations
  3707 | D:5      | Found a sparkling altar of Nemelex Xobeh.
  3871 | D:5      | Found a basalt altar of Yredelemnul.
  4022 | D:5      | Reached XP level 8. HP: 64/64 MP: 8/8
  4309 | D:5      | Found a staircase to the Ecumenical Temple.
  4316 | D:5      | Identified the +4 short sword "Goblin's Demise" {flame,
                  | *Corrode rElec rPois Dex+6}
  4532 | D:6      | Reached skill level 3 in Dodging
  4541 | D:6      | Reached * piety under Wu Jian
  4791 | D:6      | Noticed Sigmund
  4801 | D:6      | Killed Sigmund
  4802 | D:6      | Reached skill level 6 in Shapeshifting
  5143 | D:6      | Found a white marble altar of Elyvilon.
  5429 | D:7      | Noticed a kobold demonologist
  5481 | D:7      | Noticed a sun demon
  5493 | D:6      | Killed a kobold demonologist
  5494 | D:6      | Reached skill level 3 in Throwing
  5494 | D:6      | Reached XP level 9. HP: 59/69 MP: 9/9
  5783 | D:7      | Noticed a hornet
  5790 | D:7      | Killed a hornet
  6186 | D:8      | Noticed a hornet
  6188 | D:8      | Killed a hornet
  6285 | D:8      | Reached skill level 6 in Unarmed Combat
  6459 | D:8      | Identified the +1 mace of Past Mistakes {venom, rCorr}
  6829 | D:8      | Reached skill level 9 in Fighting
  7131 | D:8      | You fall into a shaft and drop 3 floors!
  7240 | D:11     | Reached ** piety under Wu Jian
  7416 | D:11     | Reached XP level 10. HP: 83/85 MP: 10/10
  7596 | D:11     | Noticed Josephine
  7621 | D:11     | Killed Josephine
  7633 | D:11     | Reached skill level 3 in Polearms
  7633 | D:11     | Reached skill level 6 in Armour
  7795 | D:11     | Noticed a cyclops
  7795 | D:11     | Noticed a cyclops
  7885 | D:11     | Killed a cyclops
  8012 | D:10     | Entered Level 10 of the Dungeon
  8296 | D:10     | Found a staircase to the Lair.
  8337 | D:10     | Reached XP level 11. HP: 41/93 MP: 11/11
  8547 | D:10     | Reached skill level 6 in Dodging
  8663 | D:10     | Found a broken altar of Ashenzari.
  8700 | D:9      | Noticed Maggie
  8826 | D:9      | Reached *** piety under Wu Jian
  8827 | D:9      | Reached skill level 6 in Polearms
  8864 | D:9      | Killed Maggie
  8995 | D:9      | Found a hazy altar of Hepliaklqana.
  9695 | D:8      | Found a snail-covered altar of Cheibriados.
 10318 | Lair:1   | Entered Level 1 of the Lair of Beasts
 10325 | Lair:1   | Reached skill level 3 in Shields
 10609 | Lair:1   | Identified the ring of Inwaz {rF+ rCorr MP+9 Int+3}
 10870 | Lair:1   | Reached skill level 6 in Shields
 11488 | Lair:1   | Reached XP level 12. HP: 50/100 MP: 12/12
 11686 | Lair:1   | Reached **** piety under Wu Jian
 12333 | Lair:2   | Reached skill level 9 in Polearms
 13175 | Lair:2   | Found a staircase to the Shoals.
 13727 | Lair:2   | Reached skill level 12 in Polearms
 13977 | Lair:3   | Reached skill level 9 in Armour
 13977 | Lair:3   | Gained mutation: You can hop long distances. [Barachi
                  | growth]
 13977 | Lair:3   | Reached XP level 13. HP: 43/106 MP: 13/13
 14183 | Lair:3   | Reached skill level 9 in Shields
 14431 | Lair:3   | Found a hole to the Spider Nest.
 16081 | Lair:4   | Reached skill level 12 in Fighting
 16379 | Lair:4   | Reached skill level 9 in Dodging
 16560 | Lair:4   | Reached XP level 14. HP: 94/115 MP: 14/14
 16711 | Lair:4   | HP: 5/116 [poisoned by a cane toad]
 17129 | Lair:4   | Reached skill level 12 in Armour
 17287 | Lair:4   | Reached ***** piety under Wu Jian
 17878 | Lair:5   | Entered Level 5 of the Lair of Beasts
 18881 | Lair:5   | Found a viscous altar of Jiyva.
 18881 | Lair:5   | Found a staircase to the Slime Pits.
 19929 | Lair:5   | Noticed a dire elephant
 19929 | Lair:5   | Noticed a dire elephant
 19929 | Lair:5   | Noticed a dire elephant
 19929 | Lair:5   | Noticed a dire elephant
 19967 | Lair:4   | Killed a dire elephant
 20273 | Lair:4   | Killed a dire elephant
 21376 | Lair:5   | Found a viscous altar of Jiyva.
 21376 | Lair:5   | Found a staircase to the Slime Pits.
 21600 | Lair:5   | Reached XP level 15. HP: 126/126 MP: 15/15
 21611 | Lair:5   | Reached skill level 6 in Evocations
 22234 | Lair:5   | Reached skill level 6 in Throwing
 23632 | D:11     | Found a staircase to the Orcish Mines.
 23650 | D:11     | Reached ****** piety under Wu Jian
 25137 | D:11     | Reached skill level 9 in Throwing
 25314 | D:11     | Found the +27 heavy crossbow "Sniper" {heavy, Acc+∞ SInv}
 25328 | D:11     | Identified the +9 shortbow of Lust {drain, rF+ Int+3}
 25785 | D:11     | Found a staircase to the Orcish Mines.
 26481 | Orc:1    | Entered Level 1 of the Orcish Mines
 26481 | Orc:1    | Found Bostrupi's Book Boutique.
 26498 | Orc:1    | Found Domipa's Jewellery Boutique.
 26499 | Orc:1    | Noticed Gastronok
 26534 | Orc:1    | Killed Gastronok
 26794 | Orc:1    | Found Eqias's Antique Weapon Shoppe.
 26981 | Orc:1    | Found Hoshrydoj's Distillery.
 27170 | Orc:1    | Noticed Sonja
 27198 | Orc:1    | Killed Sonja
 27564 | Orc:2    | Entered Level 2 of the Orcish Mines
 27789 | Orc:2    | Found a staircase to the Elven Halls.
 27946 | Orc:2    | Found Hibezxa's Magic Scroll Shoppe.
 27946 | Orc:2    | Found Owner's Antique Weapon Emporium.
 27980 | Orc:2    | Reached XP level 16. HP: 98/134 MP: 16/16
 28797 | Orc:2    | Found Cihoamat's Armour Shop.
 28830 | Orc:2    | Found Wyhuuxow's Weapon Shoppe.
 28957 | Orc:2    | Bought a scroll of identify for 32 gold pieces
 28957 | Orc:2    | Bought a scroll of vulnerability for 64 gold pieces
 28957 | Orc:2    | Bought a scroll of blinking for 120 gold pieces
 28957 | Orc:2    | Bought a scroll of fog for 64 gold pieces
 28957 | Orc:2    | Bought a scroll of blinking for 120 gold pieces
 28957 | Orc:2    | Bought a scroll of enchant weapon for 120 gold pieces
 28957 | Orc:2    | Bought a scroll of enchant weapon for 120 gold pieces
 28957 | Orc:2    | Bought a scroll of vulnerability for 64 gold pieces
 28957 | Orc:2    | Bought a scroll of revelation for 120 gold pieces
 29027 | Orc:1    | Bought a potion of curing for 42 gold pieces
 29027 | Orc:1    | Bought a potion of cancellation for 112 gold pieces
 29027 | Orc:1    | Bought a potion of enlightenment for 70 gold pieces
 29027 | Orc:1    | Bought a potion of might for 56 gold pieces
 29027 | Orc:1    | Bought a potion of lignification for 42 gold pieces
 29027 | Orc:1    | Bought a potion of might for 56 gold pieces
 29027 | Orc:1    | Bought a potion of might for 56 gold pieces
 29096 | Orc:2    | Bought an ichor-stained spear for 176 gold pieces
 29096 | Orc:2    | Identified the +10 spear "Arbiter" {flame, Int+3} (You
                  | bought it in a shop on level 2 of the Orcish Mines)
 29846 | D:12     | Found a sacrificial altar of Ru.
 30564 | D:13     | Reached skill level 15 in Fighting
 30643 | D:13     | Found a shimmering altar of Xom.
 30734 | D:13     | Reached skill level 15 in Armour
 31859 | D:14     | Found a gate to the Vaults.
 32057 | D:15     | Entered Level 15 of the Dungeon
 32412 | D:15     | Found a hazy altar of Hepliaklqana.
 33313 | D:15     | Found a staircase to the Depths.
 33599 | Spider:1 | Entered Level 1 of the Spider Nest
 33606 | Spider:1 | Reached XP level 17. HP: 144/144 MP: 17/17
 34547 | Spider:1 | Identified the granite talisman of Qyutheud {rF- rN+ rCorr
                  | Str+3}
 34547 | Spider:1 | Noticed Roxanne
 39226 | Spider:3 | Reached skill level 9 in Evocations
 40060 | Spider:3 | Gained mutation: Armour fits poorly on your strangely
                  | shaped body. [mutagenic glow]
 40310 | Spider:3 | Lost mutation: Armour fits poorly on your strangely shaped
                  | body. [potion of mutation]
 40310 | Spider:3 | Gained mutation: You are strong-willed. (Will+) [potion of
                  | mutation]
 40310 | Spider:3 | Gained mutation: Your flesh is heat resistant. (rF+)
                  | [potion of mutation]
 40492 | Spider:4 | Entered Level 4 of the Spider Nest
 41059 | Spider:4 | Reached skill level 12 in Dodging
 41074 | Spider:4 | Reached skill level 12 in Shields
 41074 | Spider:4 | Reached XP level 18. HP: 93/154 MP: 0/18
 41269 | Spider:4 | Noticed Arachne
 41673 | Spider:4 | Identified the serpent talisman of Gehenna {rN+ Str+4
                  | Stlth+}
 41673 | Spider:4 | Noticed Aizul
 41690 | Spider:4 | Noticed Bai Suzhen
 41720 | Spider:3 | Killed Aizul
 42010 | Spider:3 | Killed Bai Suzhen
 42913 | Spider:3 | Killed Arachne
 44193 | Spider:4 | Got a gossamer rune of Zot
 44819 | Spider:4 | Found a hide-covered altar of Uskayaw.
 45242 | Spider:1 | Killed Roxanne
 46449 | Depths:1 | Entered Level 1 of the Depths
 46475 | D:15     | Reached skill level 18 in Fighting
 46640 | Depths:1 | Reached skill level 18 in Armour
 47252 | Vaults:1 | Entered Level 1 of the Vaults
 49101 | Vaults:1 | Found a one-way gate to the infinite horrors of the Abyss.
 49101 | Vaults:1 | Noticed oldriver's ghost (adept DsEE)
 49104 | Vaults:1 | Noticed a hellephant
 49105 | Vaults:1 | Found a transporter.
 49109 | Vaults:1 | Gained mutation: Armour fits poorly on your strangely
                  | shaped body. [a cacodemon]
 49116 | Vaults:1 | Gained mutation: You sometimes lose your temper in combat.
                  | [a cacodemon]
 49119 | Vaults:1 | Reached XP level 19. HP: 110/164 MP: 19/19
 49528 | Shoals:1 | Entered Level 1 of the Shoals
 49919 | Shoals:4 | Entered Level 4 of the Shoals
 50130 | Shoals:4 | Paralysed by an air elemental for 1 turns
 50180 | Shoals:4 | Lost mutation: You are strong-willed. (Will+) [potion of
                  | mutation]
 50180 | Shoals:4 | Lost mutation: You sometimes lose your temper in combat.
                  | [potion of mutation]
 50180 | Shoals:4 | Lost mutation: Armour fits poorly on your strangely shaped
                  | body. [potion of mutation]
 50180 | Shoals:4 | Gained mutation: You are somewhat resistant to further
                  | mutation. [potion of mutation]
 50512 | Shoals:4 | Noticed Polyphemus
 50538 | Shoals:4 | Killed Polyphemus
 50778 | Shoals:4 | Paralysed by an air elemental for 1 turns
 50809 | Shoals:4 | Identified the +3 halberd of Vengeance {flame, +Blink}
 50819 | Shoals:4 | Identified the +6 battleaxe "Zuiff" {heavy, rElec}
 50819 | Shoals:4 | Identified the ring "Nyc Wiqu" {rF++ rN+ Str-3 Dex-5
                  | Stlth+}
 50833 | Shoals:4 | Got an azure gem with 524 turns to spare
 50834 | Shoals:4 | Noticed Nikola
 50838 | Shoals:4 | Got a barnacled rune of Zot
 50857 | Shoals:4 | Killed Nikola
 51277 | Shoals:4 | Paralysed by an air elemental for 1 turns
 51325 | Shoals:4 | Noticed Mara
 51331 | Shoals:4 | Noticed browni3141's illusion
 51452 | Shoals:3 | Identified the +1 ring mail of Space {rC- Dex+5 SInv}
 51464 | Shoals:4 | Noticed browni3141's illusion
 51493 | Shoals:3 | Noticed browni3141's illusion
 51498 | Shoals:3 | Killed Mara
 54472 | Shoals:2 | Reached XP level 20. HP: 171/174 MP: 20/20
 54920 | Shoals:2 | Found Enitee's Jewellery Emporium.
 55573 | Shoals:1 | Found a runed translucent door.
 56652 | Shoals:1 | Noticed fearitself's ghost (adept MiBe)
 57188 | Shoals:2 | Bought the ring "Qodicali" {rPois Dex+4} for 460 gold
                  | pieces
 57188 | Shoals:2 | Bought an amulet of regeneration for 390 gold pieces
 57188 | Shoals:2 | Bought an amulet of reflection for 390 gold pieces
 57259 | Shoals:1 | Killed fearitself's ghost
 57502 | Vaults:1 | Gained mutation: Your body sometimes deteriorates upon
                  | taking damage. [a cacodemon]
 57854 | D:14     | Killed oldriver's ghost
 58043 | Vaults:1 | Killed a hellephant
 58044 | Vaults:1 | Reached skill level 12 in Throwing
 58188 | Vaults:1 | Found a transporter.
 59416 | Vaults:1 | Reached skill level 12 in Evocations
 59439 | Vaults:1 | Found Kaacoh's Antique Armour Emporium.
 59443 | Vaults:1 | Bought a glowing cloak for 232 gold pieces
 59928 | Vaults:1 | Reached XP level 21. HP: 74/184 MP: 21/21
 60575 | Vaults:2 | Found a staircase to the Crypt.
 60575 | Vaults:2 | Found a basalt altar of Yredelemnul.
 60575 | Vaults:2 | Found an ancient bone altar of Kikubaaqudgha.
 61323 | Vaults:3 | Paralysed by a formless jellyfish for 1 turns
 61557 | Vaults:3 | Found Lianaijy's Book Emporium.
 61633 | Vaults:3 | Reached skill level 15 in Shields
 61831 | Vaults:3 | Reached skill level 21 in Fighting
 61871 | Vaults:3 | Reached skill level 21 in Armour
 62151 | Vaults:3 | Identified the +5 long sword "Kauquito" {drain, rElec rF+
                  | rC+ Will+}
 62169 | Vaults:3 | Paralysed by a sphinx for 5 turns
 62175 | Vaults:3 | Noticed a golden dragon
 62185 | Vaults:3 | Identified the +9 mace "Myoxkorch" {protect, ^Drain Int+3
                  | Dex+5 SInv}
 62196 | Vaults:3 | Killed a golden dragon
 62268 | Vaults:3 | Identified the ring "Igo Rushyd" {+Blink Dex+5 SInv}
 62273 | Vaults:3 | Identified the +9 short sword of Sharp Indomitability
                  | {freeze, rC- rN++ Will- Dex+2}
 62286 | Vaults:3 | Identified the +5 arbalest "Vonlou" {penet, rPois rN+}
 62290 | Vaults:3 | Identified the +0 arbalest "Xeyhucwo" {penet, rElec Str+3}
 62489 | Vaults:3 | Identified the orb "Giryrat" {light, rPois}
 62490 | Vaults:3 | Noticed Frederick
 62513 | Vaults:3 | Killed Frederick
 63340 | Vaults:4 | Reached XP level 22. HP: 178/194 MP: 22/22
 63506 | Vaults:4 | Found a magical portal.
 63512 | WizLab   | Entered Maxwell's Workshop
 63772 | WizLab   | Found the +15 Maxwell's patent armour {-Cast -Tele rElec
                  | Will+ rCorr}
 63800 | WizLab   | Reached skill level 15 in Dodging
 64398 | WizLab   | Identified the +3 short sword of Beyond {speed, rF+ Dex+3}
 64477 | WizLab   | Found the +3 Elemental Staff {ele, rElec rF+ rC+ AC+3}
 65524 | Vaults:4 | Paralysed by a formless jellyfish for 1 turns
 65927 | Slime:1  | Entered Level 1 of the Pits of Slime
 66207 | Slime:5  | Entered Level 5 of the Pits of Slime
 66271 | Slime:5  | Paralysed by a formless jellyfish for 1 turns
 66323 | Slime:5  | Gained mutation: Your spells are a little harder to cast,
                  | but a little more powerful. [a shining eye]
 66364 | Slime:4  | Paralysed by a formless jellyfish for 1 turns
 66960 | Slime:3  | Noticed Dissolution
 66980 | Slime:3  | Killed Dissolution
 67190 | Slime:5  | Noticed the Royal Jelly
 67527 | Slime:5  | Found a viscous altar of Jiyva.
 67527 | Slime:5  | Found the +13 scythe of Curses {drain, curses, ^Drain}
 67572 | Slime:5  | Reached XP level 23. HP: 194/204 MP: 23/23
 67663 | Slime:5  | Killed the Royal Jelly
 67788 | Slime:5  | Identified the +5 morningstar of Broken Luck {flame, rElec
                  | Str+9 Dex-2}
 67809 | Slime:5  | Identified the ring "Vosmios" {Str+2 Slay+4}
 67818 | Slime:5  | Got the Secrets of Oromancy and Embers
 67863 | Slime:5  | Got a slimy rune of Zot
 67865 | Slime:5  | Got the Omnibus of Venomous Conflagration
 67887 | Slime:5  | Identified the amulet "Xuelukis" {RegenMP Str+2}
 69066 | Depths:1 | Found a one-way gateway to a ziggurat.
 69360 | Depths:1 | Found a radiant altar of Vehumet.
 69416 | Depths:1 | Found a gateway to Hell.
 69532 | Depths:1 | Found an ancient bone altar of Kikubaaqudgha.
 69647 | Depths:1 | Found a one-way gate leading to the halls of Pandemonium.
 70044 | Depths:2 | Paralysed by a vampire knight for 5 turns
 70667 | Depths:2 | Identified the +7 mace "Licibue" {holy, rN++ Stlth+}
 71437 | Depths:2 | Found a corrupted altar of Lugonu.
 71626 | Depths:3 | Noticed a caustic shrike
 71641 | Depths:3 | Killed a caustic shrike
 72049 | Depths:3 | Reached skill level 18 in Shields
 72066 | Depths:3 | Reached XP level 24. HP: 189/214 MP: 23/23
 72568 | Depths:3 | Identified the +1 robe of Proximity {rF+ rC- Int+4}
 72973 | Depths:4 | Entered Level 4 of the Depths
 72974 | Depths:4 | Identified the +2 pair of boots of Articulation {rPois
                  | rCorr Dex-5 Stlth+}
 73227 | Depths:4 | Noticed a caustic shrike
 73229 | Depths:4 | Noticed a caustic shrike
 73229 | Depths:4 | Noticed a caustic shrike
 73229 | Depths:4 | Noticed a caustic shrike
 73239 | Depths:4 | Killed a caustic shrike
 73246 | Depths:4 | Killed a caustic shrike
 73251 | Depths:4 | Killed a caustic shrike
 73259 | Depths:4 | Killed a caustic shrike
 73564 | Depths:4 | Found a gate to the Realm of Zot.
 73847 | Depths:4 | Noticed Mennas
 73862 | Depths:4 | Killed Mennas
 75053 | Vaults:5 | Entered Level 5 of the Vaults
 75059 | Vaults:5 | Noticed an ancient lich
 75063 | Vaults:5 | Reached skill level 24 in Fighting
 75070 | Vaults:5 | Reached skill level 24 in Armour
 75070 | Vaults:5 | Reached skill level 15 in Evocations
 75072 | Vaults:5 | Reached skill level 15 in Throwing
 75073 | Vaults:5 | Killed an ancient lich
 75082 | Vaults:5 | HP: 5/217 [titan/bolt of lightning (55)]
 75117 | Vaults:5 | Reached XP level 25. HP: 141/224 MP: 23/23
 75132 | Vaults:5 | Paralysed by a sphinx for 2 turns
 75135 | Vaults:5 | Noticed a dread lich
 75142 | Vaults:5 | Killed a dread lich
 75168 | Vaults:5 | Got a silver rune of Zot
 75255 | Vaults:5 | Noticed an ancient lich
 75257 | Vaults:5 | Noticed an ancient lich
 75272 | Vaults:5 | Killed an ancient lich
 75272 | Vaults:5 | HP: 10/223 [titan (18)]
 75276 | Vaults:5 | HP: 4/225 [yaktaur captain/bolt (13)]
 75279 | Vaults:5 | Killed from afar by a storm dragon

Illustrated notes

Levels and vault maps discovered:
D:1:      co_arrival_random_square_maze, layout_basic, minmay_indecisive_spiral
D:2:      minmay_chambers_of_twos, layout_basic,
          shapermc_ecumenical_altar_mp_urbaneastern, kennysheep_cross_room,
          uniq_terence, uniq_jessica
D:3:      layout_basic, uniq_ijyb
D:4:      layout_loops_corners, nicolae_overflow_crystal_walls,
          overflow_temple_1_default, nicolae_uskayaw_en_pointe
D:5:      layout_gridville, nemelex_xobeh_ov_fountains_minmay,
          mainiacjoe_overflow_24_doors, minmay_temple_entry_grid, serial_rivers,
          chequers_serial_rivers_room_b, chequers_serial_rivers_room_a,
          chequers_serial_rivers_large_a, chequers_serial_rivers_micro_a,
          chequers_serial_rivers_micro_b, chequers_serial_rivers_micro_e
D:6:      layout_layer_cave, elyvilon_altar_4, nicolae_the_louvre, uniq_sigmund
D:7:      kennysheep_big_flooded_room, layout_loops_cross,
          hangedman_decor_riveting
D:8:      nicolae_hitomezashi [nicolae_hito_row, nicolae_hito_row,
          nicolae_hito_row, nicolae_hito_row, nicolae_hito_row,
          nicolae_hito_row, nicolae_hito_row, nicolae_hito_row,
          nicolae_hito_row, nicolae_hito_row, nicolae_hito_row,
          nicolae_hito_row, nicolae_hito_row, nicolae_hito_row,
          nicolae_hito_row, nicolae_hito_row, nicolae_hito_row,
          nicolae_hito_row], layout_cave_pools, slow_altar_2
D:9:      layout_loops_ring, nicolae_hepliaklqana_hazy_memory, uniq_maggie
D:10:     layout_roguey, cheibrodos_ashenzari_chains, erik_lair_orcish_takeover
D:11:     giant_chief_lemuel, layout_irregular_city, david_orc_5,
          portal_ice_cave_entry_ice_simulacra, uniq_josephine
D:12:     layout_irregular_city, hangedman_ru_absence
D:13:     layout_stronghold, hangedman_decor_peaks_small, xom_teletrap_fun
D:14:     layout_roguey, david_vaults_4, grunt_decor_arrowhead,
          minmay_misc_feat_rows, dk_noncrumbling_3, corner_web_ring
D:15:     grunt_enter_depths_hoard, layout_basic, old_standard_altar,
          special_room [special_room_bee], columned_hall_lemuel
Lair:1:   layout_layer_cave, grunt_megastairs_4
Lair:2:   layout_cave_pods, minmay_shoals_entry_hut
Lair:3:   layout_chaotic_city, dummy_spider_entry,
          chequers_serial_rivers_small_a, infiniplex_staircase_pool_2,
          grunt_megastairs_2, serial_bayou_shore_b
Lair:4:   nzn_winding_woodlands_medium [nzn_winding_woodlands_5x5_checkerboard,
          nzn_winding_woodlands_5x15_cabin, nzn_winding_woodlands_5x5_three,
          nzn_winding_woodlands_5x5_open_star,
          nzn_winding_woodlands_center_lodge, nzn_winding_woodlands_5x5_cross,
          nzn_winding_woodlands_hourglass, nzn_winding_woodlands_5x15_twine,
          nzn_winding_woodlands_5x5_default], layout_cave_pods, st_stairs_6,
          minmay_shattered_shrine
Lair:5:   due_jungle_book, layout_gridlike, slime_entry_1,
          eino_house_with_fridge
Shoals:1: layout_shoals, ebering_ghost_reflecting_pool
Shoals:2: layout_shoals, serial_shops, nicolae_lakefront_shop,
          nicolae_shoals_bring_sunscreen
Shoals:3: layout_shoals
Shoals:4: shoals_end_hellmonk_storm_palace [storm_palace_center_circular,
          storm_palace_corner_blocked, storm_palace_corner_narrow,
          storm_palace_corner_pillars, storm_palace_corner_reverse_hut],
          uniq_nikola, uniq_polyphemus, uniq_mara
Spider:1: nicolae_spider_broodchamber, drop_trap, guppyfry_hornet_nest,
          uniq_roxanne
Spider:2: nicolae_spider_hilbert_zone_5 [nicolae_spider_hilbert_3_sides_1_open,
          nicolae_spider_hilbert_4_sides_1_open,
          nicolae_spider_hilbert_4_sides_1_open,
          nicolae_spider_hilbert_6_sides_1_open,
          nicolae_spider_hilbert_6_sides_1_open], drop_trap,
          nicolae_spider_wall_of_niches
Spider:3: layout_spider_delve, nicolae_spider_orb_run
Spider:4: grunt_spider_rune_island, nicolae_spider_altar_of_dancing,
          uniq_arachne, uniq_bai_suzhen, uniq_aizul
Slime:1:  layout_caves
Slime:2:  layout_caves, basic_altar
Slime:3:  layout_caves, uniq_dissolution
Slime:4:  layout_caves, nicolae_slime_phagocytosis
Slime:5:  slime_pit
Orc:1:    layout_caves, serial_shops, shop, shop, nicolae_lakefront_shop,
          nicolae_shop_peninsula, nicolae_orc_lost_temple, uniq_sonja,
          uniq_gastronok
Orc:2:    st_orc_open, layout_diamond_mine
Vaults:1: gammafunk_ghost_abyssal_escape, v_rooms_4,
          nicolae_vaults_little_squares_4, nicolae_vaults_double_plus_1,
          vaults_room_fours, hangedman_vaults_capsules, hangedman_vaults_locks,
          hangedman_vaults_restitches, nicolae_vaults_closet_pinwheel_3,
          vaults_room_guarded_vault, nicolae_vaults_asterisk,
          nicolae_vaults_tetromino_L_1, layout_vaults_omnibox, serial_shops,
          shop
Vaults:2: minmay_crypt_entry_necro_gods, v_misc_26,
          nicolae_vaults_three_branches, nicolae_vaults_ring_of_whatevers,
          nicolae_vaults_trapezoid_3, vaults_dpeg_encased_lava,
          ontoclasm_vaults_idyll, nicolae_vaults_bisected_exclaves,
          minmay_orc_keep, nicolae_vaults_enemy_cabinets,
          nicolae_vaults_tangram_1, vaults_dpeg_diagonal, layout_vaults_omnigrid
Vaults:3: nicolae_vaults_storing_the_good_stuff, nicolae_vaults_what_the_h,
          vaults_room_fancy_cross, nicolae_vaults_layer_cake_slice,
          nicolae_vaults_yaktaur_gun_rack, nicolae_vaults_diamond_1,
          nicolae_vaults_six-pack, nicolae_vaults_surprise_closet,
          nicolae_vaults_storage_room_glass, layout_vaults_chaotic_city,
          serial_shops, shop, uniq_frederick
Vaults:4: mu_enter_wizlab_2, nicolae_vaults_turnstiles, ontoclasm_vaults_idyll,
          nicolae_vaults_apartment_1, grunt_vaults_focal,
          vaults_standard_mumra_lines, vaults_mumra_hex, grunt_vaults_swirl,
          nicolae_vaults_house_3, nicolae_vaults_diamond_1,
          hangedman_vaults_nails, nicolae_vaults_triangles,
          ontoclasm_vaults_pinch, ontoclasm_vaults_hangar, layout_vaults_ring
Vaults:5
Depths:1: layout_cave_pools, enter_ziggurat_b, hell_entry,
          grunt_pan_entry_sceptre, fiery_altar_vehumet, minmay_room_of_horrors,
          serial_glass, glass_columns_b, glass_columns_b,
          lemuel_zombie_altar_kikubaaqudgha, infiniplex_staircase_pool_lava
Depths:2: minmay_tri_stars, layout_basic, serial_sigils_hangedman_gut,
          abyss_entry_flame_altar, pan_entry, hell_entry,
          infiniplex_staircase_zigzag_5
Depths:3: minmay_inside_and_out, layout_honeycomb, nicolae_lava_and_water,
          abyss_entry, hell_entry
Depths:4: grunt_x_marks_the_spot, layout_cave_pools, pf_dread_powers_of_hell,
          serial_sigils, serial_sigils_hangedman_gnaw,
          serial_sigils_hangedman_scar, serial_sigils_hangedman_snap,
          serial_sigils_hangedman_scratch, serial_sigils_hangedman_snap,
          minmay_misc_feat_nine_boxes, uniq_mennas

Skill      XL: |  1  2  3  4  5  6  7  8  9 10 11 12 13 14 15 16 17 18 19 20 21 22 23 24 |
---------------+-------------------------------------------------------------------------+-----
Stealth        | 1 |  1.0
Fighting       | 2 3 4 5 6 10 11 12 14 15 17 18 19 20 21 22 23 24 | 24.6
Unarmed Combat | 4 5 6 |  6.0
Armour         | 1 3 4 5 8 9 11 14 15 17 18 19 20 21 22 23 24 | 24.5
Evocations     | 1 3 4 5 8 9 10 11 12 13 14 15 | 15.3
Shapeshifting  | 4 6 7 |  7.0
Dodging        | 4 5 6 9 10 11 12 13 14 15 16 | 16.0
Throwing       | 3 5 10 11 12 13 14 15 | 15.3
Polearms       | 5 8 12 13 14 | 14.0
Shields        | 7 8 10 11 12 13 14 15 16 18 19 | 19.5

Action                     |  1- 3 |  4- 6 |  7- 9 | 10-12 | 13-15 | 16-18 | 19-21 | 22-24 | 25-27 || total
---------------------------+-------+-------+-------+-------+-------+-------+-------+-------+-------++-------
  Melee: Unarmed           |    67 |   144 |   101 |   124 |       |       |    41 |       |       ||   477
         Punch             |     1 |     1 |    12 |    16 |       |       |       |       |       ||    30
         Short sword       |       |       |    88 |       |       |     4 |     4 |     9 |       ||   105
         Mace              |       |       |    37 |     2 |       |       |       |       |       ||    39
         Spear             |       |       |    22 |   733 |  2508 |  3009 |   445 |       |       ||  6717
         Demon trident     |       |       |       |       |       |       |  1972 |  2573 |   208 ||  4753
   Fire: Sling             |       |    86 |     7 |       |       |       |       |       |       ||    93
         Shortbow          |       |       |       |     1 |       |       |       |       |       ||     1
  Throw: Dart              |       |     5 |    33 |    41 |    49 |   104 |    36 |       |       ||   268
         Boomerang         |       |       |       |       |    22 |    69 |       |       |       ||    91
         Javelin           |       |       |       |       |     6 |       |    36 |    31 |     1 ||    74
 Invoke: Serpent's Lash    |       |       |       |       |       |     5 |     4 |     2 |     2 ||    13
         Heavenly Storm    |       |       |       |       |       |       |     1 |     1 |       ||     2
Ability: Hop               |       |     3 |     6 |     6 |    16 |    10 |    12 |    10 |       ||    63
         Lunge             |       |       |    15 |    18 |    34 |    17 |    75 |    27 |     7 ||   193
         Whirlwind         |       |       |    14 |   245 |   346 |   368 |   372 |   367 |    86 ||  1798
         Wall Jump         |       |       |       |     4 |     6 |    18 |    10 |     8 |     4 ||    50
  Evoke: Wand              |       |       |     8 |     7 |     4 |    10 |     9 |     3 |       ||    41
         Tin of tremorston |       |       |       |       |     3 |     6 |     7 |     5 |       ||    21
         Sack of spiders   |       |       |       |       |       |       |       |     1 |     1 ||     2
    Use: Scroll            |     2 |     1 |     9 |     4 |    13 |     6 |    10 |     9 |     1 ||    55
         Potion            |       |       |       |     5 |       |    13 |     8 |     8 |       ||    34
   Stab: Sleeping          |     1 |       |       |       |       |       |       |       |       ||     1
         Invisible         |       |       |       |     5 |       |       |       |       |       ||     5
         Paralysed         |       |       |       |       |     3 |       |     5 |       |       ||     8
         Petrified         |       |       |       |       |       |       |    10 |       |       ||    10
         Distracted        |       |       |       |       |       |       |       |     1 |       ||     1
         Held in net/web   |       |       |       |       |       |       |       |       |     2 ||     2
 Armour: Animal skin       |    37 |       |       |       |       |       |       |       |       ||    37
         Robe              |       |    60 |       |       |       |       |       |       |       ||    60
         Chain mail        |       |    74 |   273 |   492 |   911 |  1546 |   949 |    76 |       ||  4321
         Skin              |       |       |       |    43 |       |       |     8 |     3 |       ||    54
         Plate armour      |       |       |       |       |       |       |       |   903 |    51 ||   954
  Dodge: Dodged            |    48 |    93 |   114 |   203 |   581 |  1086 |   686 |   613 |    46 ||  3470
  Block: Kite shield       |       |       |       |   260 |   900 |  1571 |   499 |       |       ||  3230
         Tower shield      |       |       |       |       |       |       |  1077 |  2395 |   125 ||  3597
         Reflection        |       |       |       |       |       |       |    28 |       |       ||    28
         Other             |       |       |       |       |       |       |     2 |       |       ||     2
         Form:             |       |       |       |     1 |       |       |       |       |       ||     1
         Beast             |       |       |       |     1 |       |       |       |       |       ||     1
